 Dungeon Crawl Stone Soup version 0.19.1 (webtiles) character file.

60 Grim the Slasher (level 3, -1/31 HPs)
             Began as a Minotaur Berserker on Dec 26, 2016.
             Was a Believer of Trog.
             Slain by an orc
             ... wielding a +0 hand axe of electrocution
              (2 damage)
             ... on level 3 of the Dungeon.
             The game lasted 00:02:30 (1356 turns).

Grim the Slasher (Minotaur Berserker)               Turns: 1356, Time: 00:02:31

Health: -1/31      AC:  5    Str: 21    XL:     3   Next: 80%
Magic:  2/2        EV: 12    Int:  4    God:    Trog [**....]
Gold:   112        SH:  0    Dex: 10    Spells: 0 memorised, 2 levels left

rFire  . . .     SeeInvis .     a - +0 falchion
rCold  . . .     Gourm    .     d - +0 leather armour
rNeg   . . .     Faith    .     (no shield)
rPois  .         Spirit   .     (helmet restricted)
rElec  .         Reflect  .     (no cloak)
rCorr  .         Harm     .     e - +1 pair of gloves
MR     .....                    (no boots)
Stlth  +.........               (no amulet)
                                (no ring)
                                (no ring)

@: no status effects
A: retaliatory headbutt, horns 2
a: Berserk, Trog's Hand, Burn Spellbooks, Renounce Religion


You were on level 3 of the Dungeon.
You worshipped Trog.
Trog was pleased with you.
You were not hungry.

You visited 1 branch of the dungeon, and saw 3 of its levels.

You collected 112 gold pieces.

Inventory:

Hand Weapons
 a - a +0 falchion (weapon)
Armour
 d - a +0 leather armour (worn)
 e - a +1 pair of gloves (worn)
Jewellery
 h - an uncursed ring of magical power {unknown}
Scrolls
 g - a scroll of noise {unknown}
 i - a scroll of identify {unknown}
 k - a scroll of blinking {unknown}
 m - a scroll of random uselessness {unknown}
 o - a scroll of recharging {unknown}
 p - a scroll of enchant weapon {unknown}
Potions
 b - 2 potions of curing {unknown}
 f - a potion of flight {unknown}
 j - a potion of lignification {unknown}
 l - a potion of magic {unknown}
 n - a potion of invisibility {unknown}
Comestibles
 c - 2 bread rations


   Skills:
 - Level 3.6 Fighting
 + Level 5.8 Long Blades
 - Level 2.4 Armour
 - Level 2.1 Dodging


You had 2 spell levels left.
You didn't know any spells.

Dungeon Overview and Level Annotations

Branches:
Dungeon (3/15)

Altars:


Innate Abilities, Weirdness & Mutations

You reflexively headbutt those who attack you in melee.
You have a pair of horns on your head.


Message History

The orc is severely wounded.
The orc barely misses you. You furiously retaliate!
You headbutt the orc!
You kill the orc!
Trog accepts your kill.
The orc hits you with a hand axe of electrocution.
Things that are here:
3 chunks of flesh; an orc corpse; a goblin skeleton You barely miss the orc.
The orc hits you with a hand axe of electrocution.
You are electrocuted!
Ouch! That really hurt!
* * * LOW HITPOINT WARNING * * *
You hit the orc.
The orc is heavily wounded.
The orc hits you with a hand axe of electrocution.
* * * LOW HITPOINT WARNING * * *
You barely miss the orc. Your headbutt misses the orc.
The orc is heavily wounded.
The orc hits you with a hand axe of electrocution.
You die...

## . .###
..# [.. #.#
#.#
.#########$#
......o@...#
.#########.#
#...# #.##.#
#.# .# #.#
.# #.# .#
#.# .# #.#
.#


You could see an orc.

Vanquished Creatures
  An adder (D:1)
  A worm (D:2)
  A dart slug (D:2)
  An orc (D:3)
  10 bats
  3 giant cockroaches
  9 goblins
  3 hobgoblins
  2 kobolds
  A ball python (D:1)
  5 frilled lizards
  7 rats
44 creatures vanquished.

Notes
Turn   | Place    | Note
-------+----------+-------------------------------------------
     0 | D:1      | Grim the Minotaur Berserker began the quest for the Orb.
     0 | D:1      | Reached XP level 1. HP: 19/19 MP: 0/0
    19 | D:1      | Reached skill level 4 in Long Blades
   110 | D:1      | Reached XP level 2. HP: 26/26 MP: 1/1
   455 | D:1      | Reached skill level 5 in Long Blades
   455 | D:1      | Reached XP level 3. HP: 21/31 MP: 2/2
   888 | D:2      | Reached ** piety under Trog
  1355 | D:3      | HP: 1/31 [orc/hand axe of electrocution (1)]
  1356 | D:3      | Slain by an orc

Skill      XL: |  1  2 |
---------------+-------+-----
Long Blades    | 4 5 |  5.8
Fighting       | |  3.6
Armour         | |  2.4
Dodging        | |  2.1

Action                   || total
-------------------------++-------
Melee: Falchion          ||    72
       Headbutt          ||    11
  Eat: Chunk             ||     1
Armor: Leather armour    ||    18
       Animal skin       ||     1
Dodge: Dodged            ||    49
       Rpst.: Falchion   ||    17
